Map: Ice and Chrome LE

Players

prospeKt - Winner!

  • Race: Zerg Zerg
  • League: Platinum
  • Spawn Location: 7:00

Dfuzzer

  • Race: Protoss Protoss
  • League: Platinum
  • Spawn Location: 1:00

VOD

Have the link to the VOD?

Description

Time

  • Played on: June 12, 2020, 11:04 a.m.
  • Length: 13:52
Show
View Real Time Build Order
Export as new Build Order

prospeKt Zerg - Winner!

Build Orders: Hatch First, Lurkers 

Get SALT Encoding   

  12  0:01  Drone  
  13  0:12  Overlord  
  13  0:17  Drone  
  14  0:30  Drone  
  14  0:31  Drone  
  16  0:36  Drone  
  17  0:52  Hatchery  
  17  0:55  Drone  
  17  1:02  Drone  
  18  1:13  Spawning Pool  
  18  1:17  Drone  
  18  1:21  Drone  
  19  1:28  Drone  
  19  1:31  Extractor  
  19  1:39  Drone  
  20  1:54  Drone  
  20  2:01  Overlord  
  21  2:04  Queen x2  
  21  2:05  Drone  
  26  2:11  Overlord  
  26  2:15  Drone  
  28  2:22  Drone  
  28  2:26  Drone  
  29  2:36  Drone  
  30  2:38  Drone  
  30  2:43  Zergling x2  
  32  2:47  Zergling x2  
  33  2:54  Drone  
  33  2:55  Queen  
  36  2:58  Lair  
  36  3:00  Drone  
  37  3:06  Overlord  
  37  3:10  Drone  
  38  3:18  Drone  
  39  3:24  Drone  
  39  3:27  Drone x4  
  41  3:28  Drone x3  
  47  3:36  Drone  
  48  3:45  Drone x2  
  50  3:49  Extractor  
  50  3:53  Drone x2, Extractor  
  50  3:54  Roach Warren  
  49  3:55  Evolution Chamber  
  49  3:57  Drone x4  
  49  3:58  Overlord  
  52  4:04  Hatchery  
  52  4:08  Overlord  
  51  4:11  Drone  
  52  4:28  Drone x3  
  52  4:29  Drone  
  56  4:32  Zerg Missile Weapons Level 1  
  56  4:42  Roach  
  56  4:43  Roach x5  
  68  4:45  Overlord  
  68  4:57  Overlord x2  
  68  5:00  Glial Reconstitution  
  68  5:10  Overseer  
  68  5:11  Drone  
  68  5:12  Drone x5  
  74  5:16  Drone  
  75  5:23  Drone x4  
  75  5:25  Overlord  
  79  5:35  Drone x5  
  84  5:40  Hydralisk Den, Evolution Chamber  
  84  5:41  Drone x2  
  84  5:45  Extractor  
  84  5:47  Extractor  
  82  5:50  Spore Crawler  
  82  5:53  Spore Crawler  
  82  5:54  Spore Crawler  
  82  5:55  Hatchery  
  82  5:56  Spore Crawler  
  75  6:02  Spore Crawler  
  75  6:03  Spore Crawler  
  69  6:05  Spore Crawler  
  69  6:10  Hydralisk  
  69  6:11  Hydralisk x8  
  76  6:27  Drone x5  
  81  6:35  Queen  
  83  6:50  Drone x8  
  83  6:53  Grooved Spines  
  91  6:54  Zerg Ground Armor Level 1  
  91  6:58  Zerg Missile Weapons Level 2  
  91  7:02  Drone x3  
  94  7:10  Overseer  
  94  7:13  Drone x7  
  94  7:14  Overseer  
  101  7:35  Drone x9  
  110  7:38  Overlord  
  110  7:39  Overlord x2  
  110  7:56  Extractor  
  109  8:02  Drone x8  
  109  8:03  Drone, Infestation Pit  
  109  8:04  Muscular Augments  
  117  8:11  Hydralisk x3  
  117  8:12  Hydralisk x2  
  127  8:26  Overlord x5  
  127  8:27  Overlord x3  
  127  8:48  Hydralisk x10  
  147  9:00  Hydralisk  
  147  9:01  Hydralisk x3  
  155  9:06  Hydralisk  
  155  9:07  Hydralisk x4  
  165  9:11  Extractor  
  165  9:12  Extractor  
  165  9:16  Zerg Ground Armor Level 2  
  163  9:18  Hive  
  163  9:29  Lurker Den  
  162  9:32  Drone  
  162  9:33  Drone x6  
  162  9:34  Drone  
  170  9:40  Hydralisk x4  
  170  9:41  Hydralisk  
  179  10:06  Overseer  
  179  10:09  Overseer  
  179  10:10  Hatchery  
  179  10:14  Hydralisk x6  
  178  10:15  Overlord x2  
  178  10:16  Overlord x2  
  190  10:32  Drone  
  190  10:33  Hatchery  
  190  10:55  Lurker  
  190  10:56  Lurker x8  
  199  10:59  Adaptive Talons  
  199  11:04  Zerg Missile Weapons Level 3  
  199  11:56  Seismic Spines  
  199  12:03  Extractor  
  199  12:05  Extractor  
  197  12:23  Drone  
  197  12:24  Hatchery, Drone  
  198  12:35  Hatchery  
  197  12:39  Hatchery  
  191  12:50  Hydralisk x6  
  191  12:51  Hydralisk x3  
  193  12:53  Hydralisk x5  
  185  13:01  Hydralisk x9  
  189  13:11  Hydralisk  
  189  13:12  Hydralisk x4  
Show
View Real Time Build Order
Export as new Build Order

Dfuzzer Protoss 

Build Orders: 1 Gate Expand, Oracle Opening 

Get SALT Encoding   

  12  0:00  Probe  
  13  0:13  Probe  
  14  0:22  Pylon  
  14  0:26  Probe  
  15  0:43  Gateway  
  15  0:47  Pylon, Probe  
  16  0:55  Assimilator, Probe  
  17  1:08  Probe  
  18  1:21  Probe  
  19  1:34  Cybernetics Core  
  19  1:41  Nexus  
  19  1:43  Probe  
  20  1:51  Assimilator  
  20  1:58  Pylon, Probe  
  21  2:11  Probe  
  22  2:30  Gateway  
  22  2:32  Stargate  
  22  2:36  Adept  
  24  2:45  Probe  
  25  2:53  Probe  
  25  2:56  Stalker  
  26  3:00  Probe  
  26  3:05  Probe  
  30  3:15  Probe  
  30  3:16  Probe  
  30  3:19  Oracle  
  35  3:22  Stalker  
  35  3:24  Probe  
  37  3:28  Probe  
  37  3:32  Probe  
  39  3:40  Probe  
  41  3:44  Probe  
  41  3:46  Oracle  
  42  3:52  Probe  
  43  3:56  Probe  
  43  3:57  Pylon  
  43  4:00  Pylon  
  43  4:01  Stalker  
  49  4:04  Probe  
  49  4:08  Probe  
  49  4:09  Stalker  
  53  4:18  Probe  
  53  4:21  Assimilator  
  54  4:24  Assimilator  
  54  4:26  Pylon, Oracle  
  54  4:27  Probe  
  54  4:30  Probe  
  54  4:31  Pylon  
  56  4:37  Pylon  
  59  4:39  Probe  
  59  4:42  Probe  
  61  4:57  Probe  
  61  4:58  Probe  
  61  5:00  Warp Gate  
  61  5:09  Probe  
  61  5:10  Probe  
  63  5:14  Oracle  
  66  5:27  Probe x2  
  68  5:46  Pylon  
  68  5:48  Pylon  
  68  5:51  Pylon  
  64  6:46  Probe x2  
  66  6:52  Gateway  
  66  6:53  Gateway  
  66  6:55  Gateway  
  66  6:57  Gateway  
  66  6:58  Probe x2  
  66  6:59  Gateway  
  68  7:02  Gateway  
  68  7:05  Gateway  
  68  7:08  Robotics Facility  
  68  7:10  Probe  
  68  7:11  Robotics Facility, Nexus, Probe  
  68  7:15  Assimilator  
  70  7:20  Assimilator  
  70  7:26  Stalker x2  
  74  7:40  Forge  
  74  7:43  Probe x2  
  76  7:45  Twilight Council  
  76  7:50  Stalker x5  
  86  7:52  Sentry  
  86  7:53  Sentry  
  86  7:55  Probe x2  
  86  7:57  Immortal  
  96  7:58  Sentry  
  96  7:59  Sentry  
  96  8:01  Immortal  
  104  8:07  Probe  
  104  8:08  Probe  
  106  8:19  Probe  
  107  8:20  Probe  
  108  8:29  Photon Cannon  
  108  8:30  Photon Cannon  
  108  8:31  Probe x2  
  108  8:32  Probe, Photon Cannon  
  111  8:35  Stalker x2  
  111  8:36  Stalker x5  
  125  8:43  Probe  
  125  8:47  Stalker x2  
  130  8:51  Pylon  
  130  8:52  Probe  
  130  8:53  Probe  
  130  8:54  Pylon  
  132  9:09  Immortal x2  
  140  9:11  Templar Archives  
  140  9:18  Charge  
  140  9:20  Pylon, Protoss Ground Weapons Level 1, Forge  
  140  9:22  Pylon  
  140  9:24  Sentry x2  
  140  9:25  Pylon, Sentry  
  146  9:37  Nexus  
  146  9:41  Robotics Bay  
  146  9:43  Pylon  
  146  9:45  Pylon  
  146  9:50  Protoss Shields Level 1  
  146  9:53  Probe x2  
  146  9:54  Probe  
  149  10:01  High Templar x3  
  149  10:04  Zealot x4  
  149  10:05  Probe  
  149  10:06  High Templar, Probe x2  
  168  10:07  Archon  
  168  10:10  Archon  
  168  10:17  Probe  
  168  10:18  Probe x2  
  171  10:29  Extended Thermal Lance  
  171  10:37  Zealot  
  171  10:38  Zealot x6  
  171  10:39  Zealot x2  
  171  10:40  Psionic Storm  
  189  10:44  Blink  
  189  10:48  Pylon  
  189  10:54  Pylon  
  189  10:57  Pylon  
  190  11:04  Probe  
  190  11:05  Probe  
  188  11:20  Zealot x6  
  200  11:26  Assimilator  
  200  11:28  Assimilator  
  194  11:33  Photon Cannon  
  194  11:35  Photon Cannon  
  194  11:38  Photon Cannon  
  194  11:39  Photon Cannon  
  194  11:40  Photon Cannon, Protoss Ground Armor Level 1  
  194  11:43  High Templar x3, Photon Cannon  
  194  11:45  Shield Battery  
  200  11:47  Shield Battery  
  200  11:48  Shield Battery  
  200  11:52  Shield Battery  
  200  12:24  Nexus  
  200  12:25  Pylon  
  200  12:26  Pylon  
  200  12:29  Pylon  
  200  12:30  Assimilator x2  
  200  12:34  Gateway  
  200  12:35  Gateway  
  200  12:36  Gateway  
  200  12:42  Gateway  
  199  12:44  Gateway  
  199  12:46  Gateway  
  118  13:02  Zealot x7  
  118  13:03  Zealot x2  
  118  13:05  Void Ray, Observer x2  
  80  13:25  High Templar  
  80  13:26  High Templar x7  
  80  13:27  High Templar  
  80  13:28  Zealot  
  80  13:29  Zealot  
  80  13:30  Zealot  
  94  13:36  Archon x2  
  94  13:37  Archon x2  
  83  13:42  High Templar x3  
Tags
 
Add a new tag
Caveats
  • Supply blocks, unpowered buildings, or Contaminate may cause inaccurate times.
  • Supply counts are checked every 10 seconds.